[Event "Klubbmästerskap 2025 Torsdagar"]
[Site "Linköping, Sweden"]
[Date "2025.03.06"]
[Round "6.1"]
[White "Löfgren, Vide"]
[Black "Nagy, Mate 2009"]
[Result "1-0"]
[TimeControl "90 min + 30 sec/move"]
[WhiteElo "1928"]
[BlackElo "1917"]

1. d4 d5 2. Bg5 f6 3. Bd2 Nc6 4. e3 Bf5 5. Bd3 Nh6 6. Qh5+ g6 7. Qe2 Qd7 8. Nf3 Bg7 9. O-O O-O 10.
c4 e6 11. Nc3 Rad8 12. Rac1 g5 13. cxd5 exd5 14. Bb5 Nf7 15. Na4 Nd6 16. Bxc6 bxc6 17. Qa6 Nc4 18. Bb4 Rfe8 19. b3 Nb6 20.
Nc5 Qf7 21. Nb7 Rb8 22. Na5 Nc8 23. Nxc6 Rb6 24. Qa3 Qd7 25. Nxa7 Nd6 26. Bc5 Ra8 27. Bxb6 cxb6 28. Qb4 Rxa7 29. Qxb6 Rxa2 30. Rc7 Qd8 31.
Rxg7+ Kxg7 32. Qxd8 Nf7 33. Qxd5 1-0

[Event "Klubbmästerskap 2025 Torsdagar"]
[Site "Linköping, Sweden"]
[Date "2025.03.06"]
[Round "6.2"]
[White "Gustafsson, Nils"]
[Black "Westerberg, Hampus"]
[Result "1-0"]
[TimeControl "90 min + 30 sec/move"]
[WhiteElo "1860"]
[BlackElo "1851"]

1. e4 c5 2. Nf3 Nc6 3. Bb5 e5 4. Bxc6 dxc6 5. h3 Bd6 6. d3 h6 7. Nbd2 Ne7 8. Nc4 Ng6 9. b3 O-O 10.
O-O Bc7 11. Be3 Qe7 12. Re1 Be6 13. a4 b5 14. Ncd2 a6 15. Qe2 Qd6 16. Red1 Qe7 17. Ra2 Bd6 18. Rda1 b4 19. Re1 a5 20.
Raa1 Rad8 21. Rad1 Bc7 22. Nf1 Nf4 23. Bxf4 exf4 24. Rd2 Rd7 25. Red1 Rfd8 26. d4 g5 27. d5 cxd5 28. exd5 Bf5 29.
Qxe7 Rxe7 30. d6 Rxd6 31. Rxd6 Bxd6 32. Rxd6 Bxc2 33. Rc6 c4 34. Rxc4 Bxb3 35. Rc8+ Kg7 36. Ra8 Bxa4 37. Rxa5 Bd1 38.
Rb5 Bxf3 39. gxf3 Rd7 40. Rxb4 Rd6 41. Kg2 Kg6 42. Rb2 Rc6 43. Nd2 Kf5 44. Rb5+ Kg6 45. Ne4 Ra6 46. Rd5 Ra7 47.
Rd6+ Kg7 48. Nc5 Rc7 49. Nd7 Ra7 50. Ne5 Re7 51. Ng4 h5 52. Nh2 f6 53. Nf1 Kg6 54. Nd2 Kf5 55. Ne4 Rf7 56.
Rb6 Ke5 57. Rb5+ Ke6 58. Rb8 h4 59. Re8+ Kd7 60. Ra8 Ke6 61. Rb8 Ke5 62. Rb5+ Ke6 63. Rb7 Rf8 64. Nc5+ Kd6 65. Na6 Ke6 66. Kf1 Rc8 67. Rb6+ Kf5 68.
Nb4 Rc1+ 69. Kg2 Rc8 70. Nd5 Rf8 71. Ne7+ Ke5 72. Ng6+ 1-0

[Event "Klubbmästerskap 2025 Torsdagar"]
[Site "Linköping, Sweden"]
[Date "2025.03.06"]
[Round "6.3"]
[White "Roginski, Hugo"]
[Black "Ståhlberg, Adam"]
[Result "1-0"]
[TimeControl "90 min + 30 sec/move"]
[WhiteElo "1884"]
[BlackElo "1944"]

1. e4 c6 2. d4 d5 3. Nc3 dxe4 4. Nxe4 Nf6 5. Nxf6+ exf6 6. Nf3 Bd6 7. c3 O-O 8. Bd3 Re8+ 9.
Be3 Bg4 10. Qc2 Bxf3 11. Bxh7+ Kh8 12. gxf3 Bf4 13. O-O-O Bxe3+ 14. fxe3 Qd5 15. Be4 Qxa2 16. Qg2 Qe6 17. Rdg1 Rg8 18. Qg3 g5 19. h4 g4 20. Qf4 f5 21. Bxf5 1-0

[Event "Klubbmästerskap 2025 Torsdagar"]
[Site "Linköping, Sweden"]
[Date "2025.03.06"]
[Round "6.4"]
[White "Skytt, Klas"]
[Black "Pettersson, Börje"]
[Result "0-1"]
[TimeControl "90 min + 30 sec/move"]
[WhiteElo "1764"]
[BlackElo "1906"]

1. d4 d5 2. c4 e6 3. Nc3 Be7 4. Nf3 Nf6 5. Bg5 O-O 6. e3 h6 7. Bh4 b6 8. cxd5 Nxd5 9. Bxe7 Qxe7 10.
Rc1 Bb7 11. Be2 Rd8 12. O-O c5 13. Nxd5 Bxd5 14. Bc4 Nc6 15. Bxd5 Rxd5 16. Qa4 Qd7 17. dxc5 bxc5 18. Rfd1 Rd8 19.
Rxd5 Qxd5 20. a3 a5 21. h3 Rb8 22. Qc2 Ne7 23. Qc3 a4 24. Rc2 Rc8 25. Qc4 Qd1+ 26. Kh2 Qd6+ 27. Kg1 Qc6 28. Ne5 Qd6 29. Nd3 Nf5 30.
Nxc5 Qd1+ 31. Kh2 Nd6 32. Qxa4 Rxc5 33. Qa8+ Nc8 34. Rxc5 Qd6+ 35. Re5 Qxe5+ 36. g3 Qc7 37. b4 Kh7 38.
b5 g6 39. a4 Nb6 40. Qa6 Nc4 41. Qc6 Qxc6 42. bxc6 Nb6 43. a5 Nc8 44. Kg2 Kg7 45. Kf3 Kf6 46. Ke4 Ke7 47. f4 Kd6 48.
c7 f6 49. g4 Kxc7 50. f5 Nd6+ 51. Kd4 gxf5 52. gxf5 Nxf5+ 53. Ke4 Kc6 54. Kf4 Kb5 55. e4 Ng7 0-1

[Event "Klubbmästerskap 2025 Torsdagar"]
[Site "Linköping, Sweden"]
[Date "2025.03.06"]
[Round "6.5"]
[White "Qwarfort, Fredrik"]
[Black "Karlsson, Henrik 1974"]
[Result "1-0"]
[TimeControl "90 min + 30 sec/move"]
[WhiteElo "1826"]
[BlackElo "1804"]

1. d4 e6 2. c4 Nf6 3. Nf3 Bb4+ 4. Bd2 Qe7 5. a3 Bxd2+ 6. Qxd2 b6 7. g3 Bb7 8. Bg2 O-O 9. O-O d6 10.
Nc3 a6 11. Rfe1 Nbd7 12. e4 Rfd8 13. d5 e5 14. Rad1 Bc8 15. Nh4 Nf8 16. h3 Bd7 17. Nf5 Bxf5 18. exf5 b5 19. cxb5 axb5 20.
Na2 Qd7 21. g4 c5 22. dxc6 Qc7 23. Qc3 h6 24. Nb4 N8h7 25. Qd3 Ra5 26. Rxe5 1-0

[Event "Klubbmästerskap 2025 Torsdagar"]
[Site "Linköping, Sweden"]
[Date "2025.03.06"]
[Round "6.6"]
[White "Stefanovic, Dragan 1958"]
[Black "Ekman, Theo"]
[Result "1-0"]
[TimeControl "90 min + 30 sec/move"]
[WhiteElo "1791"]
[BlackElo "1806"]

1. e4 Nc6 2. Nf3 d6 3. Nc3 Nf6 4. Bb5 a6 5. Bxc6+ bxc6 6. h3 g6 7. d4 Bg7 8. Be3 Bb7 9.
e5 Nd5 10. Nxd5 cxd5 11. exd6 cxd6 12. Qd2 Qb6 13. O-O O-O 14. Bh6 Rab8 15. Bxg7 Kxg7 16. b3 Rfc8 17. Rfe1 e6 18. Nh2 Qd8 19.
Ng4 h5 20. Nh2 Rc6 21. Rac1 Rbc8 22. g4 hxg4 23. Nxg4 Qh4 24. Re3 R6c7 25. Rg3 f5 26. Nh2 f4 27. Rf3 e5 28. Ng4 Re8 29.
Qb4 Re6 30. Kh2 Rf7 31. Qd2 Re8 32. Re1 Rf5 33. Qb4 Rh5 34. Qxb7+ Re7 35. Qxd5 Qxg4 36. dxe5 dxe5 37. Rxe5 Rexe5 38. Qxe5+ Rxe5 39. hxg4 Re2 40. Rxf4 Rxc2 41. a4 Rb2 42. Rf3 a5 43. Kg3 Kh6 44. Kf4 Kg7 45. Ke4 Rd2 46. Ke3 Rd6 47.
Ke2 Kh6 48. Rd3 Rb6 49. f4 Re6+ 50. Kd2 Re4 51. Rd5 Rxf4 52. g5+ Kh5 53. Rxa5 Kg4 54. Rb5 Rf1 55. a5 Rf2+ 56. Kc3 Rf3+ 57.
Kb2 Rf2+ 58. Ka3 Rf1 59. b4 Rf3+ 60. Ka4 Rf1 61. Rc5 Kh5 62. a6 1-0